 Dungeon Crawl Stone Soup version 0.26.1-11-gd32895ea62 (webtiles) character file.

Game seed: 12406028671692659118

67688 nothank2 the Destroyer (level 14, -10/104 HPs)
             Began as a Grey Draconian Conjurer on June 15, 2021.
             Was a High Priest of Vehumet.
             Killed from afar by a molten gargoyle (23 damage)
             ... with a bolt of magma
             ... on level 6 of the Lair of Beasts.
             The game lasted 01:49:51 (24896 turns).

nothank2 the Destroyer (Grey Draconian Conjurer)   Turns: 24896, Time: 01:49:52

Health: -10/104    AC: 19    Str: 10    XL:     14   Next: 83%
Magic:  3/32       EV: 12    Int: 29    God:    Vehumet [*****.]
Gold:   1290       SH:  4    Dex: 10    Spells: 7/41 levels left

rFire    . . .     SeeInvis .   P - +8 arc blade {discharge, rElec}
rCold    . . .     Faith    .   O - +0 buckler
rNeg     . . .     Spirit   .   (armour unavailable)
rPois    +         Reflect  .   (helmet restricted)
rElec    +         Harm     .   w - +0 cloak
rCorr    .         Rampage  .   b - +2 pair of gloves
Will     +....                  U - +1 pair of boots
Stlth    ++........             y - amulet of regeneration
HPRegen  0.67/turn              f - +6 ring of intelligence
MPRegen  0.23/turn              Q - ring of poison resistance

@: swift, quick
A: walk through water, unfitting armour, unbreathing, cold-blooded, AC +13
a: Renounce Religion


You were on level 6 of the Lair of Beasts.
You worshipped Vehumet.
Vehumet was extremely pleased with you.
You visited 3 branches of the dungeon, and saw 18 of its levels.

You collected 1290 gold pieces.

Inventory:

Hand Weapons
 d - a +3 short sword of venom
 N - a +4 morningstar of protection
 P - the +8 arc blade (weapon) {discharge, rElec}
   (You found it on level 6 of the Lair of Beasts)

   It insulates you from electricity.
Missiles
 g - 14 curare-tipped darts
Armour
 b - a +2 pair of gloves (worn)
 w - a +0 cloak (worn)
 O - a +0 buckler (worn)
 U - a +1 pair of boots (worn)
Magical Staves
 I - an uncursed staff of cold
Jewellery
 f - a +6 ring of intelligence (left hand)
 j - an uncursed amulet of faith
 o - a +6 ring of intelligence
 q - an uncursed ring of positive energy
 y - an amulet of regeneration (around neck)
 K - an uncursed ring of stealth
 Q - a ring of poison resistance (right hand)
Wands
 e - a wand of acid (8)
 s - a wand of polymorph (1)
 t - a wand of digging (2)
 x - a wand of iceblast (50)
 z - a wand of paralysis (13)
 B - a wand of disintegration (16)
 F - a wand of random effects (16)
 M - a wand of enslavement (13)
 T - a wand of flame (18)
Scrolls
 h - 8 scrolls of teleportation
 k - 11 scrolls of remove curse
 m - a scroll of fear
 p - 4 scrolls of magic mapping
 C - 2 scrolls of immolation
 J - 4 scrolls of identify
 L - 3 scrolls of blinking
 R - 2 scrolls of fog
Potions
 a - 6 potions of flight
 c - 2 potions of haste
 i - 3 potions of mutation
 l - 4 potions of berserk rage
 n - 6 potions of attraction
 r - 2 potions of cancellation
 u - 3 potions of heal wounds
 v - 3 potions of degeneration
 A - 2 potions of resistance
 D - 3 potions of brilliance
 E - 5 potions of curing
 G - 4 potions of might
 H - a potion of magic
 S - a potion of experience


   Skills:
 - Level 4.2 Fighting
 - Level 1.0 Short Blades
 - Level 2.1(2.6) Maces & Flails
 - Level 2.1(2.6) Staves
 - Level 2.0 Slings
 - Level 2.9 Dodging
 - Level 1.7 Stealth
 - Level 4.2 Shields
 + Level 14.2 Spellcasting
 + Level 14.3 Conjurations
 - Level 3.1 Hexes
 * Level 3.7 Summonings
 - Level 2.0 Translocations
 - Level 2.1 Transmutations
 - Level 6.9 Fire Magic
 - Level 2.1 Ice Magic
 - Level 0.3 Air Magic
 - Level 7.4 Earth Magic
 - Level 2.2 Poison Magic
 - Level 4.0 Evocations


You had 7 spell levels left.
You knew the following spells:

 Your Spells              Type           Power        Failure   Level
a - Magic Dart            Conj           100%         0%          1
b - Searing Ray           Conj           100%         0%          2
c - Fulminant Prism       Conj/Hex       32%          1%          4
d - Bolt of Magma         Conj/Fire/Erth 33%          1%          5
e - Mephitic Cloud        Conj/Pois/Air  52%          1%          3
f - Blink                 Tloc           N/A          1%          2
g - Lightning Bolt        Conj/Air       29%          1%          5
h - Inner Flame           Hex/Fire       49%          1%          3
i - Swiftness             Air            22%          3%          2
j - Spellforged Servitor  Conj/Summ      32%          13%         7

Your spell library contained the following spells:

 Spells                   Type           Power        Failure   Level
 Iskenderun's Battlesphe  Conj           81%          1%          5
 Corona                   Hex            42%          1%          1
 Freeze                   Ice            100%         1%          1
 Shock                    Conj/Air       100%         1%          1
 Call Imp                 Summ           42%          1%          2
 Ensorcelled Hibernation  Hex/Ice        72%          1%          2
 Slow                     Hex            38%          1%          2
 Confusing Touch          Hex            38%          1%          3
 Conjure Flame            Conj/Fire      70%          1%          3
 Dazzling Flash           Conj/Hex       100%         1%          3
 Frozen Ramparts          Ice            66%          1%          3
 Static Discharge         Conj/Air       58%          1%          3
 Tukima's Dance           Hex            38%          1%          3
 Hailstorm                Conj/Ice       62%          1%          4
 Iskenderun's Mystic Bla  Conj/Tloc      62%          1%          4
 Irradiate                Conj/Tmut      31%          1%          5
 Animate Skeleton         Necr           40%          2%          1
 Pain                     Necr           80%          2%          1
 Poisonous Vapours        Pois/Air       56%          2%          2
 Ozocubu's Armour         Ice            33%          3%          3
 Airstrike                Air            11%          6%          4
 Summon Ice Beast         Ice/Summ       37%          7%          4
 Vampiric Draining        Necr           10%          8%          3
 Freezing Cloud           Conj/Ice/Air   26%          11%         6
 Animate Dead             Necr           10%          24%         4
 Statue Form              Tmut/Erth      32%          45%         6
 Agony                    Necr           20%          56%         5
 Hydra Form               Tmut           16%          83%         6
 Dragon Form              Tmut           16%          100%        7


Dungeon Overview and Level Annotations

Branches:
Dungeon (11/15)            Temple (1/1) D:4            Lair (6/6) D:9
 Shoals (0/4) Lair:3        Snake (0/4) Lair:4        Slime (0/5) Lair:6
    Orc (0/2) D:9

Altars:
Ashenzari
Cheibriados
Dithmenos
Elyvilon
Fedhas
Gozag
Hepliaklqana
Kikubaaqudgha
Makhleb
Nemelex Xobeh
Okawaru
Qazlal
Ru
Sif Muna
Trog
Uskayaw
Vehumet
Wu Jian
Xom
Yredelemnul
Zin
The Shining One

Shops:
D:7 *

Annotations:
D:5 Grinder, Pikel


Innate Abilities, Weirdness & Mutations

You can walk through water.
Your dull iron-grey scales are very hard. (AC +13)
You cannot fit into any form of body armour.
You can survive without breathing.
You are cold-blooded and may be slowed by cold attacks.


Message History

The black mamba hisses angrily.
The fire crab bites you but does no damage.
The fire crab claws you but does no damage.
The searing ray hits the fire crab!
You kill the fire crab!
Vehumet accepts your kill.
You are engulfed in blazing flames.
The molten gargoyle blasts magma at you!
The bolt of magma hits you!!
* * * LOW HITPOINT WARNING * * *
The black mamba bites you but does no damage.
Casting: Searing Ray (safe; 0% risk of failure)
Confirm with . or Enter, or press ? or * to list all spells.
You feel quick.
You are engulfed in blazing flames.
* * * LOW HITPOINT WARNING * * *
The black mamba bites you.
* * * LOW HITPOINT WARNING * * *
The molten gargoyle blasts magma at you!
The bolt of magma hits you!!
You die...

.# #P....# ##....# .# .#
#....## ##...## .=# .# ##....#
#....####.# .# ##....##
##.........#
.###......###P........##
#.#......##...........# l
...#................### ...
........##..#....S##.####9....
........######..@.9.#..).....#
.÷.......# #........#........
........## ##......####..l...
...÷.....####....#### ###...
:.........##.....# #### ..
.......<.####....## #..# 8
..........# ##....# ##).##
........#####.....# #....##
........###.#....## ##...P#


You could see a black mamba and a molten gargoyle.

Vanquished Creatures
  Snorg (D:11)
  5 hydras
  An ice dragon (Lair:5)
  Fannar (Lair:3)
  3 two-headed ogres
  6 death yaks (Lair:6)
  Sonja (D:11)
  Nergalle (D:11)
  A fire crab (Lair:6)
  2 unseen horrors
  2 oklob plants (Lair:4)
  7 elephants
  Psyche (D:10)
  6 black mambas
  2 molten gargoyles (Lair:6)
  11 cane toads
  21 komodo dragons
  4 rime drakes
  2 trolls (D:11)
  A polar bear (Lair:4)
  21 blink frogs
  7 dream sheep (Lair:6)
  39 yaks
  11 wyverns
  3 fire bats (Lair:2)
  A steam dragon (Lair:2)
  3 basilisks
  3 nagas (Lair:4)
  2 wargs (D:9)
  3 hell hounds
  17 water moccasins
  3 ice beasts
  2 sky beasts
  2 black bears
  6 orc warriors
  2 eyes of draining
  3 phantoms
  6 ogres
  6 wolves (Lair:2)
  5 centaurs
  A lemure (D:5)
  A wyvern zombie (D:10)
  11 bullfrogs
  3 scorpions
  24 killer bees
  4 wights (D:7)
  An electric eel (Lair:2)
  A howler monkey (D:7)
  A centaur zombie (D:5)
  13 orc priests
  A bullfrog skeleton (D:11)
  2 hounds
  9 orc wizards
  4 centaur skeletons
  3 jellies (Lair:6)
  Jessica (D:2)
  Crazy Yiuf (D:4)
  13 iguanas
  8 worker ants
  2 hound zombies
  A hound skeleton (D:5)
  Robin (D:2)
  11 adders
  2 shadow imps
  3 white imps (Lair:5)
  3 ufetubi
  5 oozes (Lair:6)
  2 adder skeletons
  4 dart slugs
  17 leopard geckos
  45 orcs
  5 bats
  5 giant cockroaches
  13 goblins
  7 hobgoblins
  2 jackals (D:9)
  A quokka (D:9)
  A ball python (D:1)
  15 frilled lizards
  2 kobolds (D:1)
  A leopard gecko skeleton (D:5)
  A quokka skeleton (D:5)
  8 rats
483 creatures vanquished.

Vanquished Creatures (collateral kills)
  An orc (D:11)
1 creature vanquished.

Vanquished Creatures (others)
  4 yaks (Lair:6)
  A bush (Lair:6)
  23 fulminant prisms
  47 fungi
  49 plants
124 creatures vanquished.

Grand Total: 608 creatures vanquished

Notes
Turn   | Place    | Note
-------+----------+-------------------------------------------
     0 | D:1      | nothank2 the Draconian Conjurer began the quest for the
                  | Orb.
     0 | D:1      | Reached XP level 1. HP: 14/14 MP: 3/3
   215 | D:1      | Reached XP level 2. HP: 15/20 MP: 0/5
   691 | D:1      | Learned a level 2 spell: Searing Ray
  1066 | D:2      | Noticed Robin
  1170 | D:2      | Reached XP level 3. HP: 26/26 MP: 1/6
  1171 | D:2      | Reached skill level 5 in Conjurations
  1457 | D:2      | Killed Robin
  1458 | D:2      | Reached XP level 4. HP: 33/33 MP: 1/7
  1720 | D:2      | Noticed Jessica
  1722 | D:2      | Killed Jessica
  2201 | D:3      | Learned a level 4 spell: Fulminant Prism
  2230 | D:3      | Reached XP level 5. HP: 38/38 MP: 4/9
  3170 | D:4      | Found a staircase to the Ecumenical Temple.
  3182 | Temple   | Entered the Ecumenical Temple
  3393 | Temple   | Became a worshipper of Vehumet
  3599 | D:4      | Found a snail-covered altar of Cheibriados.
  3880 | D:4      | Reached XP level 6. HP: 42/45 MP: 3/11
  3953 | D:4      | Reached skill level 1 in Hexes
  4031 | D:4      | Found a runed translucent door.
  4032 | D:4      | Noticed Crazy Yiuf
  4038 | D:4      | Killed Crazy Yiuf
  4659 | D:5      | Entered Level 5 of the Dungeon
  4887 | D:5      | Reached * piety under Vehumet
  4887 | D:5      | Offered knowledge of Freeze by Vehumet.
  5053 | D:5      | Noticed Pikel
  5102 | D:4      | Your scales start taking on a dull iron-grey colour.
  5102 | D:4      | Reached XP level 7. HP: 39/50 MP: 0/13
  5102 | D:4      | Gained mutation: You can survive without breathing. [Grey
                  | Draconian growth]
  5205 | D:4      | Learned a level 4 spell: Iskenderun's Mystic Blast
  5416 | D:5      | Noticed Grinder
  5447 | D:5      | Paralysed by Grinder for 2 turns
  5569 | D:6      | Learned a level 3 spell: Mephitic Cloud
  5596 | D:6      | Reached skill level 5 in Spellcasting
  5749 | D:6      | Reached skill level 1 in Translocations
  6609 | D:7      | Reached XP level 8. HP: 51/57 MP: 7/16
  6982 | D:7      | Found a glowing silver altar of Zin.
  6983 | D:7      | Found an iron altar of Okawaru.
  6983 | D:7      | Found a sacrificial altar of Ru.
  7005 | D:7      | Offered knowledge of Foxfire by Vehumet.
  7005 | D:7      | Reached ** piety under Vehumet
  7257 | D:7      | Found Cahupa Cejy's Assorted Antiques.
  8023 | D:8      | Reached XP level 9. HP: 62/62 MP: 14/20
  8866 | D:8      | Learned a level 2 spell: Blink
  8956 | D:9      | Offered knowledge of Stone Arrow by Vehumet.
  9182 | D:9      | Reached *** piety under Vehumet
  9300 | D:9      | Found a staircase to the Lair.
  9352 | D:9      | Learned a level 5 spell: Lightning Bolt
  9717 | D:9      | Reached skill level 10 in Conjurations
  9735 | D:9      | Found a staircase to the Orcish Mines.
  9781 | D:9      | Found an ancient bone altar of Kikubaaqudgha.
  9846 | D:9      | Found an ornate altar of the Wu Jian Council.
  9925 | D:9      | Found a blossoming altar of Fedhas.
 10318 | D:10     | Entered Level 10 of the Dungeon
 11326 | D:10     | Offered knowledge of Inner Flame by Vehumet.
 11327 | D:10     | Reached XP level 10. HP: 58/69 MP: 12/23
 11331 | D:10     | Learned a level 3 spell: Inner Flame
 11334 | D:10     | Learned a level 2 spell: Swiftness
 11499 | D:10     | Killed an unseen horror
 11620 | D:10     | Reached skill level 10 in Spellcasting
 12005 | D:10     | Noticed a two-headed ogre
 12009 | D:10     | Reached skill level 1 in Fire Magic
 12009 | D:10     | Reached skill level 1 in Evocations
 12017 | D:10     | Killed a two-headed ogre
 12384 | D:10     | Noticed Psyche
 12389 | D:10     | Killed Psyche
 12501 | D:11     | Found a basalt altar of Yredelemnul.
 12560 | D:11     | Reached **** piety under Vehumet
 12997 | D:11     | Offered knowledge of Bolt of Magma by Vehumet.
 13007 | D:11     | Learned a level 5 spell: Bolt of Magma
 13021 | D:11     | Noticed Sonja
 13027 | D:11     | Killed Sonja
 13028 | D:11     | Reached XP level 11. HP: 66/74 MP: 13/25
 13248 | D:11     | Noticed a two-headed ogre
 13253 | D:11     | Killed a two-headed ogre
 13896 | D:11     | Noticed a two-headed ogre
 13903 | D:11     | Killed a two-headed ogre
 14026 | D:11     | Noticed Snorg
 14046 | D:11     | Killed Snorg
 14166 | D:11     | Noticed Nergalle
 14180 | D:11     | Killed Nergalle
 14181 | D:11     | Reached skill level 1 in Short Blades
 14540 | D:11     | Killed an unseen horror
 14541 | D:11     | Reached skill level 1 in Fighting
 14541 | D:11     | Reached skill level 5 in Fire Magic
 14683 | Lair:1   | Entered Level 1 of the Lair of Beasts
 14704 | Lair:1   | Noticed a seven-headed hydra
 15107 | Lair:1   | Reached skill level 1 in Earth Magic
 15668 | Lair:1   | Reached XP level 12. HP: 62/88 MP: 12/27
 15745 | D:9      | HP: 1/88 [black mamba (9)]
 16375 | Lair:1   | Reached ***** piety under Vehumet
 16406 | Lair:1   | Offered knowledge of Sticky Flame by Vehumet.
 16970 | Lair:1   | Reached skill level 1 in Shields
 17218 | Lair:1   | Reached XP level 13. HP: 96/96 MP: 29/29
 18470 | Lair:3   | Noticed Fannar
 18475 | Lair:3   | Killed Fannar
 18622 | Lair:3   | Found a staircase to the Shoals.
 18639 | Lair:3   | You fall into a shaft and drop 1 floor!
 18987 | Lair:3   | Found a basalt altar of Yredelemnul.
 19779 | Lair:4   | Reached skill level 5 in Earth Magic
 19937 | Lair:4   | Found a staircase to the Snake Pit.
 20351 | Lair:4   | Reached XP level 14. HP: 104/104 MP: 26/31
 22156 | Lair:6   | Entered Level 6 of the Lair of Beasts
 22175 | Lair:6   | Offered knowledge of Spellforged Servitor by Vehumet.
 22194 | Lair:6   | Learned a level 7 spell: Spellforged Servitor
 22315 | Lair:6   | Found a staircase to the Slime Pits.
 22374 | Lair:6   | Reached skill level 1 in Summonings
 24452 | Lair:6   | Offered knowledge of Iskenderun's Battlesphere by Vehumet.
 24554 | Lair:6   | Found the +8 arc blade {discharge, rElec}
 24896 | Lair:6   | Killed from afar by a molten gargoyle

Illustrated notes

Levels and vault maps discovered:
D:1:      nzn_arrival_crosshair, layout_rooms, serial_forest,
          infiniplex_forest_clump_long, infiniplex_forest_fountain,
          infiniplex_forest_zigzag_1, infiniplex_forest_clump_diagonal,
          infiniplex_forest_corner_1, infiniplex_forest_pool
D:2:      layout_loops_ring, minmay_between, uniq_jessica, uniq_robin
D:3:      layout_basic
D:4:      black_bear_nest_2, layout_cave_pods, kennysheep_slug_shrine,
          minmay_temple_entry_butterflies, st_stairs_11, uniq_crazy_yiuf_cottage
D:5:      layout_rooms, minmay_misc_feat_plants, uniq_pikel, uniq_grinder
D:6:      layout_loops_ring
D:7:      layout_loops_ring, grunt_temple_overflow_open, serial_shops,
          nicolae_shop_overgrown_old_shop, minmay_misc_feat_five, st_stairs_6,
          minmay_crystal_room
D:8:      layout_basic
D:9:      layout_basic, fedhas_altar_3, nzn_wu_jian_contemplation,
          kennysheep_little_box, erik_lair_orcish_takeover, orc_0_dummy,
          st_stairs_1, chequers_serial_rivers_micro_e
D:10:     layout_roguey, uniq_psyche
D:11:     layout_basic, basic_altar, uniq_nergalle, uniq_snorg, uniq_sonja
Temple:   regret_index_temple_waves
Lair:1:   lemuel_reptile_caves, layout_loops_ring
Lair:2:   layout_gridlike, lemuel_fruit_tree, infiniplex_staircase_pool_2
Lair:3:   layout_misc_corridors, shoals_dummy_entry, amcnicky_altar_gilded,
          uniq_fannar
Lair:4:   layout_cave_pods, guppyfry_snake_entry_island,
          minmay_lair_oklob_chamber, grunt_megastairs_2, serial_bayou_shore_b
Lair:5:   layout_misc_corridors, bobbens_ice_dragon_lair
Lair:6:   cheibrodos_lair_end_hotspot, layout_long_grid,
          nicolae_slime_entry_slimehenge, infiniplex_staircase_pool

Skill      XL: |  1  2  3  4  5  6  7  8  9 10 11 12 13 14 |
---------------+-------------------------------------------+-----
Conjurations   | 5 6 7 8 10 11 12 13 14 | 14.3
Spellcasting   | 3 4 5 7 9 10 11 12 13 14 | 14.2
Hexes          | 1 2 3 |  3.1
Translocations | 1 2 |  2.0
Fire Magic     | 3 5 6 |  6.9
Evocations     | 3 4 |  4.0
Short Blades   | 1 |  1.0
Fighting       | 2 4 |  4.2
Earth Magic    | 1 2 5 7 |  7.4
Dodging        | 2 |  2.9
Shields        | 4 |  4.2
Maces & Flails | 2 |  2.1
Staves         | 2 |  2.1
Slings         | 2 |  2.0
Transmutations | 2 |  2.1
Ice Magic      | 2 |  2.1
Poison Magic   | 2 |  2.2
Summonings     | 3 |  3.7
Stealth        | |  1.7
Air Magic      | |  0.3

Action                   |  1- 3 |  4- 6 |  7- 9 | 10-12 | 13-15 || total
-------------------------+-------+-------+-------+-------+-------++-------
Melee: Dagger            |     2 |    22 |       |       |       ||    24
       Short sword       |     3 |    18 |    58 |    32 |       ||   111
       Tailslap          |     1 |     4 |     4 |     5 |     5 ||    19
       Morningstar       |       |       |       |     7 |    24 ||    31
 Cast: Magic Dart        |    53 |   114 |   178 |   148 |    26 ||   519
       Searing Ray       |     2 |    11 |    46 |   145 |    72 ||   276
       Fulminant Prism   |       |       |     3 |    12 |     8 ||    23
       Lightning Bolt    |       |       |     1 |       |     8 ||     9
       Iskenderun's Myst |       |       |     1 |       |       ||     1
       Mephitic Cloud    |       |       |       |    12 |     3 ||    15
       Bolt of Magma     |       |       |       |    21 |   154 ||   175
       Swiftness         |       |       |       |     2 |     2 ||     4
       Blink             |       |       |       |       |     1 ||     1
  Use: Scroll            |       |     5 |     9 |    13 |     5 ||    32
       Potion            |       |       |       |     4 |     2 ||     6
 Stab: Distracted        |       |       |       |     1 |       ||     1
Armor: Skin              |     4 |    15 |   131 |   107 |    98 ||   355
Dodge: Dodged            |    10 |    38 |    97 |   128 |    95 ||   368
Block: Buckler           |       |       |       |       |    29 ||    29
